Cogmind - Beta 16.1 @@@ ROGUE MODE // 2026.03.22 @ 21:10:19 Player: Eggywontgrow Result: Destroyed by RI-E4I(R) with Subdweller Beam Cannon Performance ------------- Evolutions (0) 0 Regions Visited (3) 600 Robots Destroyed (29) 145 Value Destroyed (719) 719 Prototype IDs (0) 0 Alien Tech Used (0) 0 Bonus (92) 92 TOTAL SCORE: 1556 Bonus ------- Follower Combat Kills 92 Cogmind --------- Core Integrity 0/250 Matter 206/300 Energy 160/160 System Corruption 2% Temperature Cool (9) Movement Walking (120) Location -10/Subcaves Parts ------- > --- POWER (1) -------- Light Nuclear Core > --- PROPULSION (2) --- Aluminum Leg Aluminum Leg > --- UTILITY (2) ------ Medium Storage Unit > --- WEAPON (2) ------- Heavy Assault Rifle > --- INVENTORY (10) --- Aluminum Leg Utility Shielding Utility Shielding Utility Shielding Makeshift System Shield Particle Gun Particle Gun Datajack Peak State ------------ > --- POWER ------------ Light Angular Momentum Engine > --- PROPULSION ------- Aluminum Leg Aluminum Leg > --- UTILITY ---------- Medium Storage Unit Terrain Scanner > --- WEAPON ----------- Particle Gun Particle Gun > --- INVENTORY -------- Light Nuclear Core Aluminum Leg Utility Shielding Utility Shielding Utility Shielding Light Armor Plating Assault Rifle Heavy Assault Rifle Datajack [Rating: 14] Favorites ----------- Power Ion Engine Engine Ion Engine Power Core Light Nuclear Core Propulsion Aluminum Leg Treads Light Treads Leg Aluminum Leg Utility Seismic Detector Device Seismic Detector Storage Medium Storage Unit Protection Light Armor Plating Weapon Light Assault Rifle Energy Gun EM Pulse Gun Ballistic Gun Light Assault Rifle Launcher Grenade Launcher Build | -11 -10 -10 -10 ------- Run | Yrd Mat Min Sub Slots Evolved . | . . . . Power . | . . . . Propulsion . | . . . . Utility . | . . . . Weapon . | . . . . Parts Attached 26 | 9 6 10 1 Power 4 | 1 1 2 . Engine 3 | 1 1 1 . Core 1 | . . 1 . Reactor . | . . . . Propulsion 9 | 4 2 3 . Treads 2 | 2 . . . Leg 7 | 2 2 3 . Wheel . | . . . . Hover . | . . . . Flight . | . . . . Utility 5 | 2 1 1 1 Device 2 | 1 . 1 . Storage 2 | 1 1 . . Processor . | . . . . Hackware . | . . . . Protection 1 | . . . 1 Artifact . | . . . . Weapon 8 | 2 2 4 . Energy Gun 4 | 1 1 2 . Energy Cannon . | . . . . Ballistic Gun 3 | 1 . 2 . Ballistic Cannon . | . . . . Launcher 1 | . 1 . . Special Weapon . | . . . . Impact Weapon . | . . . . Slashing Weapon . | . . . . Piercing Weapon . | . . . . Special Melee Weapon . | . . . . Unidentified Prototypes . | . . . . Corrupted Parts 1 | . 1 . . System Corruption 2 | . 2 . . Parts Lost 11 | . 3 5 3 Power 2 | . 1 . 1 Propulsion 2 | . 1 1 . Utility 2 | . . 1 1 Weapon 5 | . 1 3 1 Highest Loss Streak 5 | . 2 5 2 To Critical Strikes . | . . . . Average Backups 8 | 2 7 9 8 Power . | . . 1 . Propulsion 1 | 1 2 2 1 Utility 2 | . 2 3 4 Weapon 1 | . . 2 2 Tool/Special . | . . . . Unused Backups 9 | . 3 1 5 Power 2 | . 1 1 . Propulsion . | . . . . Utility 6 | . 2 . 4 Weapon . | . . . . Tool/Special 1 | . . . 1 Average Slot Usage (%) 98 | . 99 99 92 Engine 10 | . 13 9 5 Core 3 | . . 4 7 Treads 2 | . 9 . . Leg 25 | . 18 28 28 Device 12 | . 14 13 6 Storage 14 | . 14 14 14 Energy Gun 5 | . 11 4 . Ballistic Gun 16 | . 14 14 28 Launcher 5 | . 2 8 . Peak Build Rating 14 | 7 8 14 13 Average Rating 9 | 6 7 10 11 On Entrance 7 | . 7 8 13 Avg Prop Armor Cover (%) . | . . . . Naked Turns . | . . . . Heaviest Build 25 | 14 20 25 25 Greatest Support 40 | 40 40 20 20 Greatest Overweight (x) 2 | 2 . 1 1 Average Overweight (x) . | . . . . Largest Inventory Capacity 10 | 8 10 10 10 Average Capacity 9 | 7 8 10 10 Most Carried 10 | 3 10 10 9 Average Carried 8 | 2 7 9 8 Final Capacity 10 | 8 10 10 10 Final Carried 10 | 3 10 9 8 Class Distribution -------------------- 65% | Scavenger-Mutant 34% | Mutant Dominant Class ---------------- Mutant | -10/Materials Scavenger-Mutant | -10/Mines Scavenger-Mutant | -10/Subcaves Resources | -11 -10 -10 -10 ----------- Run | Yrd Mat Min Sub Matter Collected 641 | 224 148 212 57 Remotely . | . . . . Salvage Created 701 | . 394 186 121 Parts 52 | 1 27 15 9 Haulers Intercepted . | . . . . Recyclers Shooed 1 | . . 1 . Parts Field Recycled . | . . . . Retrieved Matter . | . . . . Parts Self-Destructed 4 | . . . 4 Prevented . | . . . . Parts Restored . | . . . . Kills | -11 -10 -10 -10 ------- Run | Yrd Mat Min Sub Combat Hostiles Destroyed 24 | . 13 7 4 Guns 16 | . 9 3 4 AOE 8 | . 4 4 . Classes Destroyed 8 | 1 5 1 1 Worker 1 | . 1 . . Tunneler 2 | 1 . 1 . Operator 1 | . 1 . . Watcher 1 | . 1 . . Swarmer 10 | . 6 2 2 Grunt 10 | . 7 3 . Sentry 2 | . . 2 . Subdweller 2 | . . . 2 Best Kill Streak 6 | 1 6 3 2 Combat Bots Only 5 | . 5 2 2 Max Kills in Single Turn 2 | 1 2 1 1 Gunslinging . | . . . . Exploded 2 | . 2 1 . Melee . | . . . . Uniques/NPCs Destroyed . | . . . . Combat | -11 -10 -10 -10 -------- Run | Yrd Mat Min Sub Hostile Shots Fired 123 | . 54 27 42 Missed 39 | . 19 7 13 Hits 84 | . 35 20 29 Projectile 84 | . 35 20 29 Critical Strikes 1 | . . 1 . Damage Taken 1527 | . 705 326 496 Core 263 | . 126 46 91 Absorbed by Shields . | . . . . Core Remaining (%) 100 | 100 . . . Volleys Fired 70 | . 41 13 16 Largest 2 | . 2 2 2 Hottest 130 | . 60 130 43 Shots Fired 122 | . 71 19 32 Gun 110 | . 68 10 32 Cannon . | . . . . Launcher 12 | . 3 9 . Special . | . . . . Kinetic 76 | . 41 3 32 Thermal 7 | . . 7 . Explosive 12 | . 3 9 . Electromagnetic 27 | . 27 . . Robot Hit Streak 8 | . 8 5 6 Robot Miss Streak 6 | . 6 1 4 Penetration Max . | . . . . Secondary Targets . | . . . . Shots Hit Robots 78 | . 47 11 20 Core Hits 50 | . 27 17 6 Critical Kills . | . . . . Critical Parts Destroyed 1 | . 1 . . Critical Strikes 2 | . 1 1 . Burn 1 | . . 1 . Destroy 1 | . 1 . . Melee Attacks . | . . . . Impact . | . . . . Slashing . | . . . . Piercing . | . . . . Sneak Attacks . | . . . . Combat Hostiles . | . . . . Follow-up Attacks . | . . . . Damage Inflicted 1305 | 12 669 534 90 Guns 674 | . 482 102 90 Cannons . | . . . . Explosions 602 | . 184 418 . Melee . | . . . . Ramming 29 | 12 3 14 . Kinetic 307 | . 209 8 90 Thermal 94 | . . 94 . Explosive 602 | . 184 418 . Electromagnetic 273 | . 273 . . Impact . | . . . . Slashing . | . . . . Piercing . | . . . . Highest Corruption 2 | . 2 2 2 Average Corruption 2 | . 2 2 2 Corruption Purged . | . . . . Corruption Blocked . | . . . . Effects 14 | . 1 11 2 Message Errors 2 | . . 2 . Matter Fused 6 | . 1 4 1 Heat Flow Errors 1 | . . 1 . Parts Rejected 1 | . . . 1 Data Loss (minor) 1 | . . 1 . Data Loss (major) 2 | . . 2 . Misfires 1 | . . 1 . Overload Shots . | . . . . Overflow Damage 25 | . 13 12 . Projectiles . | . . . . Explosions 25 | . 13 12 . Melee . | . . . . Knockbacks . | . . . . Impact . | . . . . Kinetic . | . . . . Secondary . | . . . . Self-Inflicted Damage 134 | . 73 61 . Shots 6 | . 3 3 . Rammed 6 | 6 . . . Targets Rammed 10 | 7 1 2 . Kicked 3 | . 1 2 . Crushed 1 | 1 . . . Highest Temperature 253 | . 126 253 . Average Temperature 59 | . 46 81 . Received Heat Transfer 381 | . 207 102 72 Siege Activations . | . . . . Martial Activations . | . . . . Shielding Activations . | . . . . Robots Disrupted . | . . . . Combat Hostiles . | . . . . Robots Corrupted . | . . . . Combat Hostiles . | . . . . Parts Fried 2 | . 2 . . Impact Corruptions . | . . . . Robots Melted . | . . . . Combat Hostiles . | . . . . Parts Melted . | . . . . Heat Transferred 296 | . . 296 . Parts Sabotaged . | . . . . Parts Stolen . | . . . . Parts Stripped . | . . . . Power Chain Reactions . | . . . . Alert | -11 -10 -10 -10 ------- Run | Yrd Mat Min Sub Maximum Alert Level . | . . . . Low Security (%) 100 | 100 100 100 . Level 1 . | . . . . Level 2 . | . . . . Level 3 . | . . . . Level 4 . | . . . . Level 5 . | . . . . High Security . | . . . . Max Security . | . . . . Peak Influence 189 | 5 189 124 . Initial 61 | . . 61 . Average 42 | . 72 35 . Influence Increases 797 | 5 378 334 80 Destroy 0b10 Robot/C 520 | . 260 220 40 Destroy 0b10 Robot/NC 25 | 5 15 5 . Destroy Leader 102 | . 52 40 10 Allied During Kill 24 | . . 24 . Disable Machine 15 | . 15 . . Destroy Structure 66 | . 21 45 . Lose Combat Pursuer 45 | . 15 . 30 Influence Decreases 797 | 5 221 491 80 Entered New Map 96 | . . 96 . Time Decay 591 | 5 191 325 70 Lost Part 70 | . 30 30 10 Lost Ally 40 | . . 40 . Squads Dispatched 2 | . 2 . . Investigation 1 | . 1 . . Extermination . | . . . . Reinforcement 1 | . 1 . . Assault . | . . . . Garrison . | . . . . Intercept . | . . . . Searches Triggered . | . . . . Construction Impeded . | . . . . Haulers Reinforced . | . . . . Active Scanning Responses . | . . . . Cargo Convoy Interrupts . | . . . . Stealth | -11 -10 -10 -10 --------- Run | Yrd Mat Min Sub Distress Signals 3 | . 3 . . Communications Jammed . | . . . . Distress Signals . | . . . . Times Spotted 39 | . 22 9 8 Peak Tracking Total 4 | . 4 3 3 Tactical Retreats 4 | . 1 . 3 Traps | -11 -10 -10 -10 ------- Run | Yrd Mat Min Sub Traps Triggered 1 | . 1 . . Indirectly . | . . . . Trap Hack Attempts . | . . . . Triggered . | . . . . Disarmed . | . . . . Reprogrammed . | . . . . Reused . | . . . . Traps Extracted . | . . . . Installed . | . . . . Triggered . | . . . . Machines | -11 -10 -10 -10 ---------- Run | Yrd Mat Min Sub Machines Disabled 4 | . 2 2 . Max in Single Turn 2 | . 1 2 . Machines Repaired . | . . . . Machines Dismantled . | . . . . Machines Sabotaged . | . . . . Overloaded Fab Kills . | . . . . Hacking | -11 -10 -10 -10 --------- Run | Yrd Mat Min Sub Machines Accessed 3 | . 3 . . Terminals 3 | . 3 . . Fabricators . | . . . . Repair Stations . | . . . . Recycling Units . | . . . . Scanalyzers . | . . . . Garrison Access . | . . . . Total Hacks 6 | . 6 . . Successful 3 | . 3 . . Failed 3 | . 3 . . Catastrophic . | . . . . Database Lockouts . | . . . . Manual 4 | . 4 . . Terminals 6 | . 6 . . Fabricators . | . . . . Repair Stations . | . . . . Recycling Units . | . . . . Scanalyzers . | . . . . Garrison Access . | . . . . Terminal Hacks 2 | . 2 . . Record 2 | . 2 . . Fabricator Hacks . | . . . . Repair Station Hacks . | . . . . Recycling Unit Hacks . | . . . . Scanalyzer . | . . . . Garrison Access Hacks . | . . . . Unauthorized Hacks 1 | . 1 . . Terminals 1 | . 1 . . Operators 1 | . 1 . . Fabricators . | . . . . Repair Stations . | . . . . Recycling Units . | . . . . Scanalyzers . | . . . . Garrison Access . | . . . . Data Cores Recovered . | . . . . Used . | . . . . Hacking Detections 1 | . 1 . . Full Trace Events . | . . . . Feedback Events . | . . . . Feedback Blocked . | . . . . Robot Schematics Acquired . | . . . . Robots Built . | . . . . Authchips . | . . . . Time . | . . . . Total Robot Build Rating . | . . . . Part Schematics Acquired . | . . . . Parts Built . | . . . . Authchips . | . . . . Time . | . . . . Total Part Build Rating . | . . . . Part Studies Acquired . | . . . . Parts Repaired . | . . . . Time . | . . . . Parts Recycled . | . . . . Recycled Matter . | . . . . Retrieved Matter . | . . . . Retrieved Components . | . . . . Parts Scanalyzed . | . . . . Part Schematics Acquired . | . . . . Parts Damaged . | . . . . Bothacking | -11 -10 -10 -10 ------------ Run | Yrd Mat Min Sub Used RIF Installer . | . . . . Robots Hacked . | . . . . Non-combat . | . . . . Combat . | . . . . Robot Hacks Applied . | . . . . Relay Couplers Released . | . . . . Fabnet Peak Effective % . | . . . . Robots Rewired . | . . . . Allies Hacked . | . . . . Hacks Repelled . | . . . . Allies | -11 -10 -10 -10 -------- Run | Yrd Mat Min Sub Total Allies 3 | . . 3 . Largest Group 3 | . . 3 . Highest-Rated Group 78 | . . 78 . Highest-Rated Ally 31 | . . 31 . Total Orders . | . . . . Ally Attacks 15 | . . 15 . Total Damage 145 | . . 145 . Kills 4 | . . 4 . Allies Corrupted . | . . . . Allies Melted . | . . . . Intel | -11 -10 -10 -10 ------- Run | Yrd Mat Min Sub Active Infowar (turns) 1818 | 129 553 1016 120 Terrain 200 | . . 80 120 Seismic 1618 | 129 553 936 . Robot Analysis Total . | . . . . Derelict Logs Recovered 2 | . . 1 1 Drone Launches . | . . . . Drone Recoveries . | . . . . Exploration | -11 -10 -10 -10 ------------- Run | Yrd Mat Min Sub Turns Passed 2134 | 245 553 1064 272 Spaces Moved 1283 | 140 292 701 150 Core 4 | 4 . . . Treads 199 | 118 81 . . Legs 1080 | 18 211 701 150 Wheels . | . . . . Hover . | . . . . Flight . | . . . . Fastest Speed 50 | 50 120 120 120 Average Speed 138 | 153 131 138 141 Slowest Speed 190 | 160 160 190 190 Overloaded Moves . | . . . . Propulsion Burnouts . | . . . . Robots Hopped . | . . . . Potential Cave-ins . | . . . . Cave-ins Triggered . | . . . . Exploration Rate (%) 42 | 6 52 97 14 Regions Visited 3 Branch Regions 2 Pre-discovered Areas . | . . . . Known Exits Taken . | . . . . Unknown Exits Taken 3 | 1 1 1 . Scrap Searched 2 | . . 1 1 Spaces Dug . | . . . . Terrain Destroyed 68 | . 20 48 . Melee . | . . . . Projectile . | . . . . AOE 68 | . 20 48 . Terrain Rammed . | . . . . Walls Destroyed . | . . . . Machines Disabled . | . . . . Actions | -11 -10 -10 -10 --------- Run | Yrd Mat Min Sub Total 1515 | 162 400 776 177 Wait 85 | 4 40 34 7 Move 1280 | 139 291 700 150 Hop . | . . . . Pick Up 23 | 3 11 8 1 Fast Attach 12 | 7 3 1 1 Attach 7 | . 2 4 1 Detach 2 | . 2 . . Swap 12 | 2 3 7 . Drop 14 | . 6 7 1 Fire 70 | . 41 13 16 Melee . | . . . . Ram . | . . . . Kick 3 | . 1 2 . Crush 7 | 7 . . . Escape Stasis . | . . . . Rewire . | . . . . Trap . | . . . . Miscellaneous . | . . . . Route ------- -11/Scrapyard -10/Materials (discovered 2 exits: [*Mat] / [*Min]) -10/Mines (discovered 3 exits: [*Mat x2] / [*Sub]) -10/Subcaves (discovered 1 exit: [Scr]) History --------- Turn | Location | Event 10 | -11/Scrapyard | Discovered new exit (range 16) 246 | -11/Scrapyard | Entered Materials 304 | -10/Materials | Build established: Mutant 674 | -10/Materials | Discovered new exit (range 13) 699 | -10/Materials | Core integrity fell below 50% 717 | -10/Materials | Discovered new exit (range 6) 799 | -10/Materials | Entered Mines 802 | -10/Mines | Received a Mining Laser from a helpful Derelict 1016 | -10/Mines | Discovered new exit (range 5) 1019 | -10/Mines | Build established: Scavenger-Mutant 1216 | -10/Mines | Learned Materials stockpile data 1435 | -10/Mines | Discovered new exit (range 10) 1599 | -10/Mines | Discovered new exit (range 8) 1774 | -10/Mines | Lost 5 parts (1n1u3w) 1863 | -10/Mines | Entered Subcaves 1864 | -10/Subcaves | Approached by a straggling Scientist 1965 | -10/Subcaves | Core integrity fell below 20% 2011 | -10/Subcaves | Learned Materials garrison access intel 2135 | -10/Subcaves | Destroyed by RI-E4I(R) with Subdweller Beam Cannon Last Messages --------------- 01933_ Acquired 35 matter. 01934_ Lgt. Assault Rifle fries itself beyond repair. 01962_ Lgt. Angular Momentum Engine destroyed. 01981_ Dropped Lgt. Nuclear Core. 01981_ Acquired Lgt. Nuclear Core. 01983_ System corrupted: Terrain Scanner rejected. 02011_ Acquired derelict log, extracted data. Data stored: Materials garrison access intel. 02017_ Searching scrap... 02017_ Found Sub. Machine Gun. 02017_ Found Mak. System Shield. 02017_ Found 36 Matter. 02018_ Acquired 22 matter. 02020_ Acquired Mak. System Shield. 02064_ System corrupted: Matter fused (-10). 02093_ TG-ZP6(R) destroyed. 02102_ M5-YNQ(R) affixes Scrap Shield Fragment to Scrap Shield. 02106_ M5-YNQ(R) destroyed. 02133_ Lgt. Armor Plating destroyed. 02135_ Assault Rifle destroyed. Map ----- +----------------------------------------------------+ | ?### #??????#????????## #??# ## #????????? | | ?#?# ####????????????????# #### #????????? | | ???###???????????????????# ## # #????????? | | ?????????????????????????# #????????? | | ? ???????????????????????# ## #???????? | | ?????????????????????????### ## #?# #???????? | | ??????????????????????????###### #?? #???????? | | ?????????????????????????## ## ##?? #???????? | | ?????????????????????????# ###??? #???????? | | ?????????????????????????# #??????##???????? | | ???>?????????????????????## ##??????????????? | | ??????????????????????????### ##?????????????? | | ????????????????????????????# ##????????????? | | ???????????????????????????## ###??????????? | | ??????????????????????###### #??????????? | | ??????????????????????# #?????????? | | ??????????????????????# ### #?????????? | | ??????????????????????## ##?? #?????????? | | ???????????????????????# #??? #?????????? | | ??????????????????????## ###??? #????????? | | ??????????????????????# ##??? #????????? | | ??????????????????????# ;#?? ## ##????????? | | ??????????????????????## ## ### #?##?????????? | | ??????????????????????## #???##????????????? | | ??????????????????????# #?????????????????? | | ??????????????????????## @ ##?????????????????? | | ???????????????????????#R ;#??????????????????? | | ?????????????????????? ##??????????????????? | | ?????????????????????#<#< ??????????????????? | | ?????????????????????### #?????????????????? | | ??????????????????????? ###?????????????????? | | ???????????????????????# ##???????????????????? | | ??????????????????????? ##????????????????????? | | ???????????????????????# ?????????????????????? | | ???????????????????????# ! #?????????????????????? | | ???????????????????????##&&#?????????????????????? | | ?????????????????????????%%!?????????????????????? | | ?????????????????????????&*#?????????????????????? | | ?????????????????????????] ??????????????????????? | | ????????????????????????? ??????????????????????? | | ????????????????????????? ??????????????????????? | | ?????????????????????????????????????????????????? | | ?????????????????????????????????????????????????? | | ?????????????????????????????????????????????????? | | ?????????????????????????????????????????????????? | | ?????????????????????????????????????????????????? | | ?????????????????????????????????????????????????? | | ?????????????????????????????????????????????????? | | ?????????????????????????????????????????????????? | | ?????????????????????????????????????????????????? | +----------------------------------------------------+ Best States ------------- Heat Dissipation 25 Energy Generation 18 Energy Capacity 250 Matter Stores 300 Matter Capacity 300 Sight Range 16 Terrain Scan Range 14 Terrain Scan Density 10 Armor Coverage 150 Evasion (%) 55 Recoil Reduction 2 Item Schematics ----------------- None Robot Schematics ------------------ None Fabricated ------------ Nothing Repaired ---------- Nothing Studied --------- None Alien Tech Used ----------------- None Achievements -------------- A Problem For Future Me Resistances Are Futile Challenges ------------ None Game ------ Seed SuperchargedConceptFist Manual? 0 Play Time 00:21:56 Cumulative 24.1 hours Start 2026.03.22 @ 20:50:20 End 2026.03.22 @ 21:10:19 Sessions 1 Manual Loads 0 Difficulty Rogue Special Mode None Game No. 29 Rogue 25 Adventurer 4 Explorer 0 Win Type - Total 1 Types 1/0/0/0/0/0/0/0/0/0 Lore% 8 Gallery% 20 Achievement% 14 Wizard Run 0 Options --------- Layout 0 ASCII 0 Keyboard 1 Movement Numpad Keybinds 1 Fullscreen 2 Font 24/Terminus Map View 38x25 Zoom Use 100% Tactical HUD 1 Map Filters NONE Filters NONE Steam 1 RUN: 5b9dd302-5a77-4869-9e69-54bc66d6eb7d